APP
BILLINGS MUSTANGS @ SAN DIEGO (APP) PADRES
05/14/2046
 
TOP OF THE 1ST
Billings Mustangs batting - Pitching for San Diego (APP) Padres : RHP Liam Tate
Pitching: RHP Liam Tate
Batting: LHB Jeremy Robertson 0-0: Ball
1-0: Foul Ball, location: 2F
1-1: Called Strike
1-2: Foul Ball, location: 2F
1-2: Strikes out swinging
Batting: LHB Chris Redhead 0-0: Foul Ball, location: 2F
0-1: Ball
1-1: Ball
2-1: Ball
3-1: Called Strike
3-2: Base on Balls
Batting: RHB Juan Reyes 0-0: Ball
1-0: Ball
Chris Redhead steals 2nd, throwing error, E2
Chris Redhead to third
2-0: Called Strike
2-1: Ball
3-1: Base on Balls
Batting: LHB Brian Dickeson 0-0: Ball
1-0: Called Strike
Juan Reyes steals 2nd base
1-1: Foul Ball, location: 2F
1-2: Ball
2-2: Foul Ball, location: 2F
2-2: Ball
3-2: 3-RUN HOME RUN (Flyball, 9D, EV 95.0 MPH), Distance : 361 ft
Batting: SHB David Garnica 0-0: Ball
1-0: Ball
2-0: Foul Ball, location: 2F
2-1: Foul Ball, location: 2F
2-2: Foul Ball, location: 2F
2-2: Foul Ball, location: 2F
2-2: Strikes out swinging
Batting: RHB Andy Bachman 0-0: Ball
1-0: Called Strike
1-1: Ball
2-1: Ball
3-1: Base on Balls
Batting: RHB Sang-ton Pak 0-0: Called Strike
0-1: Foul Ball, location: 2F
0-2: Strikes out looking
Top of the 1st over - 3 runs, 1 hit, 1 error, 1 left on base; Billings 3 - San Diego (APP) 0
BOTTOM OF THE 1ST
San Diego (APP) Padres batting - Pitching for Billings Mustangs : RHP Larry McPhee
Pitching: RHP Larry McPhee
Batting: RHB Elias Vences 0-0: Ball
1-0: Ball
2-0: Ball
3-0: Called Strike
3-1: Foul Ball, location: 2F
3-2: SINGLE (Groundball, 56S, EV 61.2 MPH) (infield hit)
Batting: RHB Adrian Cook 0-0: Called Strike
0-1: Ball
Elias Vences is caught stealing 2nd base 2-4
1-1: Ball
2-1: Ball
3-1: Foul Ball, location: 2F
3-2: Foul Ball, location: 2F
3-2: Base on Balls
Batting: LHB Carlos Cuellar 0-0: Ball
1-0: Called Strike
Adrian Cook steals 2nd base
1-1: Foul Ball, location: 2F
1-2: Foul Ball, location: 2F
1-2: SINGLE (Flyball, 34D, EV 90.6 MPH)
Adrian Cook to third
Batting: RHB Kalidas Mishra 0-0: Ball
1-0: Foul Ball, location: 2F
1-1: Ball
2-1: Ball
Wild Pitch!
Adrian Cook scores
Carlos Cuellar to second
3-1: Base on Balls
Batting: SHB Isaiah Scates 0-0: Ball
1-0: Foul Ball, location: 2F
1-1: Foul Ball, location: 2F
1-2: Ball
2-2: Strikes out swinging
Batting: RHB Bryan Pitcher 0-0: Ball
1-0: Foul Ball, location: 2F
1-1: Swinging Strike
1-2: Fielders Choice at 2nd, 6-4 (Groundball, 6, EV 80.0 MPH)
Bottom of the 1st over - 1 run, 2 hits, 0 errors, 2 left on base; Billings 3 - San Diego (APP) 1
TOP OF THE 2ND
Billings Mustangs batting - Pitching for San Diego (APP) Padres : RHP Liam Tate
Batting: RHB Yutaka Sato 0-0: DOUBLE (Groundball, 5L, EV 98.8 MPH)
Batting: RHB Mario Gomez 0-0: DOUBLE (Flyball, 89D, EV 101.9 MPH)
Yutaka Sato scores
Batting: LHB Jeremy Robertson 0-0: Ball
1-0: Foul Ball, location: 2F
1-1: Foul Ball, location: 2F
1-2: Ball
2-2: Foul Ball, location: 2F
2-2: Ground out 3-1 (Groundball, 34, EV 83.1 MPH)
Mario Gomez to third
Batting: LHB Chris Redhead 0-0: Called Strike
0-1: Ball
1-1: Foul Ball, location: 2F
1-2: Ball
2-2: Foul Ball, location: 2F
2-2: Ball
3-2: Fly out, F8 (Flyball, 8RD, EV 101.2 MPH)
Batting: RHB Juan Reyes 0-0: Ball
1-0: Ball
2-0: Ball
3-0: Called Strike
3-1: Foul Ball, location: 2F
3-2: Ground out 5-3 (Groundball, 56, EV 99.4 MPH)
Top of the 2nd over - 1 run, 2 hits, 0 errors, 1 left on base; Billings 4 - San Diego (APP) 1
BOTTOM OF THE 2ND
San Diego (APP) Padres batting - Pitching for Billings Mustangs : RHP Larry McPhee
Batting: LHB Conor Barron 0-0: Foul Ball, location: 2F
0-1: Swinging Strike
0-2: Foul Ball, location: 2F
0-2: Ball
1-2: Strikes out swinging, 2-3 out at first.
Batting: RHB Ed Oake 0-0: Called Strike
0-1: Foul Ball, location: 2F
0-2: Ball
1-2: Foul Ball, location: 2F
1-2: Foul Ball, location: 2F
1-2: Ball
2-2: Ball
3-2: Foul Ball, location: 2F
3-2: Ground out 6-3 (Groundball, 6, EV 99.4 MPH)
Batting: RHB Hugo Montemayor 0-0: Ball
1-0: Foul Ball, location: 2F
1-1: Swinging Strike
1-2: Strikes out swinging
Bottom of the 2nd over - 0 runs, 0 hits, 0 errors, 0 left on base; Billings 4 - San Diego (APP) 1
TOP OF THE 3RD
Billings Mustangs batting - Pitching for San Diego (APP) Padres : RHP Liam Tate
Batting: LHB Brian Dickeson 0-0: Ball
1-0: Swinging Strike
1-1: Ball
2-1: Ball
3-1: Called Strike
3-2: Base on Balls
Batting: SHB David Garnica 0-0: Ball
1-0: Foul Ball, location: 2F
1-1: Ball
2-1: Swinging Strike
2-2: Fly out, F9 (Line Drive, 9S, EV 96.9 MPH)
Batting: RHB Andy Bachman 0-0: Ball
1-0: Called Strike
1-1: Foul Ball, location: 2F
1-2: Strikes out swinging
Batting: RHB Sang-ton Pak 0-0: Ball
1-0: Called Strike
1-1: Ball
2-1: Swinging Strike
2-2: Foul Ball, location: 2F
2-2: Foul Ball, location: 2F
2-2: Strikes out looking
Top of the 3rd over - 0 runs, 0 hits, 0 errors, 1 left on base; Billings 4 - San Diego (APP) 1
BOTTOM OF THE 3RD
San Diego (APP) Padres batting - Pitching for Billings Mustangs : RHP Larry McPhee
Batting: RHB Elias Vences 0-0: Called Strike
0-1: Ball
1-1: Ball
2-1: Ball
3-1: Foul Ball, location: 2F
3-2: Strikes out swinging
Batting: RHB Adrian Cook 0-0: Ball
1-0: Ball
2-0: Ball
3-0: Base on Balls
Batting: LHB Carlos Cuellar 0-0: Ball
Pickoff Throw by Catcher to First - Out!
1-0: Ball
2-0: Called Strike
2-1: Foul Ball, location: 2F
2-2: Ball
3-2: SOLO HOME RUN (Flyball, 89XD, EV 102.5 MPH), Distance : 410 ft
Batting: RHB Kalidas Mishra 0-0: SINGLE (Line Drive, 9S, EV 98.1 MPH)
Batting: SHB Isaiah Scates 0-0: DOUBLE (Line Drive, 78D, EV 101.2 MPH)
Kalidas Mishra to third
Runner from 3rd tries for Home, SAFE, throw by LF to home
Batting: RHB Bryan Pitcher 0-0: Ball
1-0: Foul Ball, location: 2F
1-1: Foul Ball, location: 2F
1-2: Strikes out swinging
Bottom of the 3rd over - 2 runs, 3 hits, 0 errors, 1 left on base; Billings 4 - San Diego (APP) 3
TOP OF THE 4TH
Billings Mustangs batting - Pitching for San Diego (APP) Padres : RHP Liam Tate
Batting: RHB Yutaka Sato 0-0: Ball
1-0: Ball
2-0: Ball
3-0: Base on Balls
Batting: RHB Mario Gomez 0-0: Foul Ball, location: 2F
0-1: Swinging Strike
0-2: Strikes out swinging
Batting: LHB Jeremy Robertson 0-0: Ball
1-0: Foul Ball, location: 2F
1-1: Foul Ball, location: 2F
1-2: DOUBLE (Line Drive, 8LXD, EV 110.0 MPH)
Yutaka Sato to third
Batting: LHB Chris Redhead 0-0: Ball
1-0: Ball
2-0: Foul Ball, location: 2F
2-1: Swinging Strike
2-2: Ball
3-2: Base on Balls
Batting: RHB Juan Reyes 0-0: Ball
1-0: Swinging Strike
1-1: Ball
2-1: Foul Ball, location: 2F
2-2: Fly out, F7 (Flyball, 78M, EV 90.6 MPH)
Batting: LHB Brian Dickeson 0-0: Foul Ball, location: 2F
0-1: Foul Ball, location: 2F
0-2: Ball
1-2: Foul Ball, location: 2F
1-2: Ground out 3-1 (Groundball, 34, EV 88.8 MPH)
Top of the 4th over - 0 runs, 1 hit, 0 errors, 3 left on base; Billings 4 - San Diego (APP) 3
BOTTOM OF THE 4TH
San Diego (APP) Padres batting - Pitching for Billings Mustangs : RHP Larry McPhee
Batting: LHB Conor Barron 0-0: Ball
1-0: Ground out 1-3 (Groundball, 15S, EV 76.9 MPH)
Batting: RHB Ed Oake 0-0: Ball
1-0: Swinging Strike
1-1: Ball
2-1: Fly out, F8 (Flyball, 8RD, EV 101.2 MPH)
Batting: RHB Hugo Montemayor 0-0: Ground out 1-3 (Groundball, 34S, EV 61.9 MPH)
Bottom of the 4th over - 0 runs, 0 hits, 0 errors, 0 left on base; Billings 4 - San Diego (APP) 3
TOP OF THE 5TH
Billings Mustangs batting - Pitching for San Diego (APP) Padres : RHP Liam Tate
Pitching: RHP Eric Busby
Batting: SHB David Garnica 0-0: Foul Ball, location: 2F
0-1: Fly out, F7 (Flyball, 78D, EV 80.6 MPH)
Batting: RHB Andy Bachman 0-0: Ball
1-0: Ball
2-0: Called Strike
2-1: Ball
3-1: Base on Balls
Batting: RHB Sang-ton Pak 0-0: Called Strike
0-1: Swinging Strike
0-2: Strikes out looking
Batting: RHB Yutaka Sato 0-0: Ball
Pickoff Throw to First - Error! E1
Andy Bachman to second
1-0: Ball
2-0: Ball
3-0: Base on Balls
Batting: RHB Mario Gomez 0-0: Swinging Strike
0-1: Swinging Strike
0-2: Ball
1-2: Ball
Wild Pitch!
Andy Bachman to third
Yutaka Sato to second
2-2: Strikes out swinging
Top of the 5th over - 0 runs, 0 hits, 1 error, 2 left on base; Billings 4 - San Diego (APP) 3
BOTTOM OF THE 5TH
San Diego (APP) Padres batting - Pitching for Billings Mustangs : RHP Larry McPhee
Batting: RHB Elias Vences 0-0: Ball
1-0: Ball
2-0: Foul Ball, location: 2F
2-1: Foul Ball, location: 2F
2-2: Foul Ball, location: 2F
2-2: Ball
3-2: Base on Balls
Batting: RHB Adrian Cook 0-0: Ball
1-0: Swinging Strike
1-1: Called Strike
1-2: Ground out 6-3 (Groundball, 56D, EV 85.0 MPH)
Elias Vences to second
Batting: LHB Carlos Cuellar 0-0: Called Strike
0-1: Ball
1-1: DOUBLE (Line Drive, 7LS, EV 105.6 MPH)
Elias Vences scores
Batting: RHB Kalidas Mishra 0-0: Called Strike
0-1: 2-RUN HOME RUN (Line Drive, 7D, EV 103.1 MPH), Distance : 376 ft
Pitching: RHP Markus Bevan
Batting: SHB Isaiah Scates 0-0: Called Strike
0-1: Foul Ball, location: 2F
0-2: Ball
1-2: Ground out 1-3 (Groundball, 34S, EV 68.8 MPH)
Batting: RHB Bryan Pitcher 0-0: Ball
1-0: Ball
2-0: Ground out 6-3 (Groundball, 6, EV 80.6 MPH)
Bottom of the 5th over - 3 runs, 2 hits, 0 errors, 0 left on base; Billings 4 - San Diego (APP) 6
TOP OF THE 6TH
Billings Mustangs batting - Pitching for San Diego (APP) Padres : RHP Eric Busby
Batting: LHB Jeremy Robertson 0-0: Swinging Strike
0-1: Ball
1-1: Ball
2-1: Swinging Strike
2-2: Ball
3-2: Strikes out swinging
Batting: LHB Chris Redhead 0-0: Called Strike
0-1: Foul Ball, location: 2F
0-2: Ball
1-2: Foul Ball, location: 2F
1-2: Ball
2-2: Foul Ball, location: 2F
2-2: Ball
3-2: Foul Ball, location: 2F
3-2: Fly out, F9 (Flyball, 89M, EV 86.2 MPH)
Batting: RHB Juan Reyes 0-0: Ball
1-0: Ball
2-0: Called Strike
2-1: Fly out, F8 (Flyball, 89XD, EV 106.2 MPH)
Top of the 6th over - 0 runs, 0 hits, 0 errors, 0 left on base; Billings 4 - San Diego (APP) 6
BOTTOM OF THE 6TH
San Diego (APP) Padres batting - Pitching for Billings Mustangs : RHP Markus Bevan
Batting: LHB Conor Barron 0-0: Called Strike
0-1: Ball
1-1: Ball
2-1: Fly out, F8 (Flyball, 8LS, EV 91.2 MPH)
Batting: RHB Ed Oake 0-0: Foul Ball, location: 2F
0-1: Ground out U3 (Groundball, 34, EV 103.1 MPH)
Batting: RHB Hugo Montemayor 0-0: Ball
1-0: Foul Ball, location: 2F
1-1: Ball
2-1: Foul Ball, location: 2F
2-2: Foul Ball, location: 2F
2-2: Foul Ball, location: 2F
2-2: Ball
3-2: Foul Ball, location: 2F
3-2: Base on Balls
Pitching: RHP Joe Green
Batting: RHB Elias Vences 0-0: Ball
1-0: Ball
2-0: Ball
3-0: Base on Balls
Hugo Montemayor to second
Batting: RHB Adrian Cook 0-0: Ball
1-0: SINGLE (Groundball, 25, EV 66.2 MPH) (infield hit)
Hugo Montemayor to third
Elias Vences to second
Batting: LHB Carlos Cuellar 0-0: Called Strike
0-1: DOUBLE (Line Drive, 9LM, EV 105.6 MPH)
Hugo Montemayor scores
Elias Vences scores
Adrian Cook to third
Runner from 3rd tries for Home, SAFE, no throw by RF
Batting: RHB Kalidas Mishra 0-0: Foul Ball, location: 2F
0-1: SINGLE (Flyball, 9LS, EV 83.8 MPH)
Carlos Cuellar to third
Runner from 3rd tries for Home, SAFE, throw by RF to home
Kalidas Mishra to second
Batting: SHB Isaiah Scates 0-0: Called Strike
0-1: Ball
1-1: Called Strike
1-2: Ball
2-2: Foul Ball, location: 2F
2-2: Foul Ball, location: 2F
2-2: Strikes out swinging
Bottom of the 6th over - 4 runs, 3 hits, 0 errors, 1 left on base; Billings 4 - San Diego (APP) 10
TOP OF THE 7TH
Billings Mustangs batting - Pitching for San Diego (APP) Padres : RHP Eric Busby
Batting: LHB Brian Dickeson 0-0: Ball
1-0: Called Strike
1-1: Ball
2-1: SOLO HOME RUN (Flyball, 9LD, EV 93.1 MPH), Distance : 340 ft
Pitching: RHP Mason Broderick
Batting: SHB David Garnica 0-0: Ball
1-0: Ball
2-0: Swinging Strike
2-1: Ball
3-1: Base on Balls
Batting: RHB Andy Bachman 0-0: Called Strike
David Garnica is caught stealing 2nd base 2-4
0-1: Ball
1-1: Called Strike
1-2: Fly out, F7 (Flyball, 7D, EV 100.6 MPH)
Batting: RHB Sang-ton Pak 0-0: Swinging Strike
0-1: Ball
1-1: Foul Ball, location: 2F
1-2: Strikes out looking
Top of the 7th over - 1 run, 1 hit, 0 errors, 0 left on base; Billings 5 - San Diego (APP) 10
BOTTOM OF THE 7TH
San Diego (APP) Padres batting - Pitching for Billings Mustangs : RHP Joe Green
Batting: RHB Bryan Pitcher 0-0: Ball
1-0: Called Strike
1-1: Ball
2-1: Foul Ball, location: 2F
2-2: Ball
3-2: TRIPLE (Flyball, 7LD, EV 96.2 MPH)
Batting: LHB Conor Barron 0-0: Swinging Strike
0-1: Ball
1-1: Ball
2-1: Foul Ball, location: 2F
2-2: DOUBLE (Flyball, 89D, EV 105.6 MPH)
Bryan Pitcher scores
Batting: RHB Ed Oake 0-0: Ball
1-0: Called Strike
1-1: Ground out 6-3 (Groundball, 6, EV 88.1 MPH)
Batting: RHB Hugo Montemayor 0-0: Ball
1-0: Ball
2-0: Called Strike
2-1: Foul Ball, location: 2F
2-2: Strikes out looking
Batting: RHB Elias Vences 0-0: Called Strike
0-1: Ball
1-1: Ball
2-1: Foul Ball, location: 2F
2-2: Ball
3-2: Base on Balls
Batting: RHB Adrian Cook 0-0: Foul Ball, location: 2F
0-1: Foul Ball, location: 2F
0-2: SINGLE (Groundball, 34D, EV 109.4 MPH)
Conor Barron to third
Elias Vences to second
Runner from 3rd tries for Home, SAFE, throw by RF to home
Batting: LHB Carlos Cuellar 0-0: Ball
1-0: Foul Ball, location: 2F
1-1: Ball
2-1: Ball
3-1: Foul Ball, location: 2F
3-2: Foul Ball, location: 2F
3-2: Foul Ball, location: 2F
3-2: Base on Balls
Elias Vences to third
Adrian Cook to second
Batting: RHB Kalidas Mishra 0-0: Ball
1-0: SINGLE (Groundball, 6MD, EV 98.8 MPH)
Elias Vences scores
Adrian Cook to third
Carlos Cuellar to second
Runner from 3rd tries for Home, SAFE, throw by CF to home
Batting: SHB Isaiah Scates 0-0: SINGLE (Flyball, 5D, EV 95.0 MPH)
Carlos Cuellar to third
Kalidas Mishra to second
Runner from 3rd tries for Home, SAFE, throw by LF to home
Pitching: RHP Aaron McArdle
Batting: RHB Bryan Pitcher 0-0: Ball
1-0: Called Strike
1-1: Foul Ball, location: 2F
1-2: Foul Ball, location: 2F
1-2: Ground out 1-3 (Groundball, 25, EV 70.6 MPH)
Bottom of the 7th over - 5 runs, 5 hits, 0 errors, 2 left on base; Billings 5 - San Diego (APP) 15
TOP OF THE 8TH
Billings Mustangs batting - Pitching for San Diego (APP) Padres : RHP Mason Broderick
Batting: RHB Yutaka Sato 0-0: Ball
1-0: Ball
2-0: Called Strike
2-1: Ball
3-1: Base on Balls
Batting: RHB Mario Gomez 0-0: Swinging Strike
0-1: Ball
1-1: Ball
2-1: Ball
3-1: Fly out, F8 (Flyball, 8LD, EV 103.1 MPH)
Batting: LHB Jeremy Robertson 0-0: Ball
1-0: Ball
2-0: Ball
3-0: Called Strike
3-1: Base on Balls
Yutaka Sato to second
Pinch Hitting: LHB Armando Arellano 0-0: Ground out 4-3 (Groundball, 34D, EV 100.6 MPH)
Yutaka Sato to third
Jeremy Robertson to second
Pinch Hitting: RHB Al Blanchard 0-0: Foul Ball, location: 2F
0-1: Ball
1-1: Ball
2-1: Called Strike
2-2: Ground out 5-3 (Groundball, 56, EV 84.4 MPH)
Top of the 8th over - 0 runs, 0 hits, 0 errors, 2 left on base; Billings 5 - San Diego (APP) 15
BOTTOM OF THE 8TH
San Diego (APP) Padres batting - Pitching for Billings Mustangs : RHP Aaron McArdle
Now at 3B: Al Blanchard
Now in LF: Matt Kennedy
Batting: LHB Conor Barron 0-0: Called Strike
0-1: Ball
1-1: Fly out, F9 (Flyball, 89S, EV 80.0 MPH)
Batting: RHB Ed Oake 0-0: Foul Ball, location: 2F
0-1: Ball
1-1: Ball
2-1: Ball
3-1: Base on Balls
Pinch Hitting: RHB Mike MacLeod 0-0: Ball
1-0: Swinging Strike
1-1: Foul Ball, location: 2F
1-2: Strikes out looking
Batting: RHB Elias Vences 0-0: Ball
1-0: Ball
2-0: Ball
3-0: Swinging Strike
3-1: Base on Balls
Ed Oake to second
Batting: RHB Adrian Cook 0-0: Called Strike
0-1: Foul Ball, location: 2F
0-2: Ball
1-2: Foul Ball, location: 2F
1-2: Fly out, F4 (Popup, 34, EV 73.8 MPH)
Bottom of the 8th over - 0 runs, 0 hits, 0 errors, 2 left on base; Billings 5 - San Diego (APP) 15
TOP OF THE 9TH
Billings Mustangs batting - Pitching for San Diego (APP) Padres : RHP Mason Broderick
Pitching: RHP Colin Dorsey
Now at SS: Mike MacLeod
Pinch Hitting: RHB Jake Savell 0-0: Called Strike
0-1: Swinging Strike
0-2: Foul Ball, location: 2F
0-2: Ball
1-2: Strikes out swinging
Batting: SHB David Garnica 0-0: Foul Ball, location: 2F
0-1: Called Strike
0-2: Foul Ball, location: 2F
0-2: Ball
1-2: DOUBLE (Line Drive, 7LM, EV 108.1 MPH)
Batting: RHB Andy Bachman 0-0: Called Strike
0-1: Foul Ball, location: 2F
0-2: Ball
1-2: Strikes out swinging
Pinch Hitting: SHB Kristian Kristensen 0-0: Called Strike
0-1: SINGLE (Line Drive, 78S, EV 110.0 MPH)
David Garnica to third
Batting: RHB Yutaka Sato 0-0: Foul Ball, location: 2F
0-1: Ball
1-1: Foul Ball, location: 2F
1-2: Foul Ball, location: 2F
1-2: Ball
2-2: Ball
3-2: Strikes out swinging
Top of the 9th over - 0 runs, 2 hits, 0 errors, 2 left on base; Billings 5 - San Diego (APP) 15
Tuesday, September 13th , 2022 - OOTP Baseball 23.7 Build 88